 Dungeon Crawl Stone Soup version 0.21.1-1-g345015f (webtiles) character file.

53 Mirai the Conjurer (level 3, -2/26 HPs)
             Began as a Draconian Conjurer on Mar 13, 2018.
             Killed from afar by Sigmund (4 damage)
             ... with a magic dart
             ... on level 2 of the Dungeon.
             The game lasted 00:03:46 (1601 turns).

Mirai the Conjurer (Draconian Conjurer)             Turns: 1601, Time: 00:03:47

Health: -2/26      AC:  5    Str: 10    XL:     3   Next: 64%
Magic:  4/8        EV: 17    Int: 21    God:
Gold:   11         SH:  0    Dex: 16    Spells: 6/9 levels left

rFire    . . .     SeeInvis .   d - +0 dagger (pain)
rCold    . . .     Gourm    .   (no shield)
rNeg     . . .     Faith    .   (armour unavailable)
rPois    .         Spirit   .   (helmet restricted)
rElec    .         Reflect  .   (no cloak)
rCorr    .         Harm     .   (no gloves)
MR       .....                  (no boots)
Stlth    +++.......             (no amulet)
HPRegen  0.08/turn              (no ring)
MPRegen  0.11/turn              (no ring)

@: brilliant, agile
A: unfitting armour, cold-blooded, AC +5
a: no special abilities


You were on level 2 of the Dungeon.
You were hungry.

You visited 1 branch of the dungeon, and saw 2 of its levels.

You collected 11 gold pieces.

Inventory:

Hand Weapons
 d - a +0 dagger of pain (weapon)
Scrolls
 e - 2 scrolls of amnesia {unknown}
 f - 2 scrolls of enchant weapon {unknown}
 h - a scroll of blinking {unknown}
Potions
 j - a potion of lignification {unknown}
Books
 a - a book of Conjurations

   Spells                             Type                      Level
   a - Magic Dart                     Conjuration                  1
   b - Searing Ray                    Conjuration                  2
   c - Dazzling Spray                 Conjuration/Hexes            3
   d - Fulminant Prism                Conjuration/Hexes            4
   e - Force Lance                    Conjuration/Translocation    4
   f - Iskenderun's Mystic Blast      Conjuration                  4
Comestibles
 b - 3 rations
 i - a chunk of flesh


   Skills:
 - Level 1.7 Dodging
 - Level 1.7 Stealth
 + Level 3.8 Spellcasting
 - Level 4.0 Conjurations


You had 6 spell levels left.
You knew the following spells:

 Your Spells              Type           Power        Failure   Level  Hunger
a - Magic Dart            Conj           ####         1%          1    None
b - Searing Ray           Conj           ####..       1%          2    #......


Dungeon Overview and Level Annotations

Branches:
Dungeon (2/15)

Altars:

Annotations:
D:2 Sigmund


Innate Abilities, Weirdness & Mutations

Your plain brown scales are hard. (AC +5)
You cannot fit into any form of body armour.
You are cold-blooded and may be slowed by cold attacks.


Message History

Sigmund gestures wildly while chanting.
Sigmund flickers and vanishes!
Deactivating autopickup; reactivate with Ctrl-A.
You're too confused to move!
You feel less confused.
You see here 14 gold pieces.
You are feeling hungry.
It was a potion of brilliance.
You feel clever all of a sudden. Something hits you.
* * * LOW HITPOINT WARNING * * *
Unknown command.
It was a potion of agility.
You feel agile all of a sudden.
Casting: Searing Ray
Confirm with . or Enter, or press ? or * to list all spells.
You can't see any susceptible monsters within range! (Use Z to cast anyway.)
A magic dart appears from out of thin air!
The magic dart hits you!
You die...

########..##.###
#..##.# # #..##.# #
#..##.# # #@.##.# #
#..##.# # #..##.# #
###############..##.#
#
#.....@${........##.#
#
#.##############.##.#
# ##############.##.#
# #...............#.#
#.##########....#.#
#.# #.....##....#.#
#.###.###.##....#.#
#.......#.##....#.#
#####.#.#.##....#.#


There were no monsters in sight!

Vanquished Creatures
  A gnoll (D:1)
  An ooze (D:1)
  3 dart slugs
  2 ball pythons (D:1)
  5 bats (D:1)
  3 giant cockroaches (D:1)
  5 goblins (D:1)
  2 hobgoblins (D:1)
  2 frilled lizards (D:1)
  3 kobolds (D:1)
  3 rats (D:1)
30 creatures vanquished.

Notes
Turn   | Place    | Note
-------+----------+-------------------------------------------
     0 | D:1      | Mirai the Draconian Conjurer began the quest for the Orb.
     0 | D:1      | Reached XP level 1. HP: 14/14 MP: 3/3
   305 | D:1      | Reached XP level 2. HP: 17/20 MP: 3/5
   773 | D:1      | Learned a level 2 spell: Searing Ray
   804 | D:1      | Reached XP level 3. HP: 22/26 MP: 4/7
  1558 | D:2      | Noticed Sigmund
  1601 | D:2      | Killed from afar by Sigmund

Skill      XL: |  1  2 |
---------------+-------+-----
Spellcasting   | 3 |  3.8
Dodging        | |  1.7
Stealth        | |  1.7
Conjurations   | |  4.0

Action                   || total
-------------------------++-------
Melee: Dagger            ||   117
       Tailslap          ||    11
 Cast: Magic Dart        ||    21
       Searing Ray       ||     1
  Use: Potion            ||     2
 Stab: Sleeping          ||     3
  Eat: Chunk             ||     2
Armor: Skin              ||    41
Dodge: Dodged            ||    96
